 Dungeon Crawl Stone Soup version 0.20-a0-1122-gb7cbeb9 (webtiles) character file.

400 Gorglomux the Poker (level 6, -2/49 HPs)
             Began as a Mummy Monk on May 14, 2017.
             Slain by an orc
             ... wielding a +0 flail
              (4 damage)
             ... on level 3 of the Dungeon.
             The game lasted 00:10:43 (4664 turns).

Gorglomux the Poker (Mummy Monk)                    Turns: 4664, Time: 00:10:44

Health: -2/49      AC: 11    Str: 16    XL:     6   Next: 54%
Magic:  6/6        EV: 10    Int:  9    God:
Gold:   276        SH:  0    Dex: 15    Spells: 5/5 levels left

rFire    + . .     SeeInvis .   a - +0 spear
rCold    . . .     Gourm    .   (no shield)
rNeg     + + +     Faith    .   i - +0 fire dragon scales
rPois    ∞         Spirit   .   (no helmet)
rElec    .         Reflect  .   k - +0 cloak
rCorr    .         Harm     .   (no gloves)
MR       .....                  (no boots)
Stlth    ..........             (no amulet)
Regen    0.2/turn               h - ring of wizardry {Wiz+, !d}
MPRegen  0.1/turn               m - +2 ring of protection

@: no status effects
A: no food or potions, fire vulnerability, cold resistance 1, negative energy
resistance 3, torment resistance, unbreathing
a: no special abilities


You were on level 3 of the Dungeon.
You were not hungry.

You visited 1 branch of the dungeon, and saw 4 of its levels.

You collected 276 gold pieces.

Inventory:

Hand Weapons
 a - a +0 spear (weapon)
Missiles
 e - 55 stones (quivered)
Armour
 b - a +0 robe
 i - +0 fire dragon scales (worn)
   (You found it on level 2 of the Dungeon)
 k - a +0 cloak (worn)
   (You took it off Crazy Yiuf on level 2 of the Dungeon)
 o - a +0 pair of gloves
   (You found it on level 3 of the Dungeon)
Jewellery
 h - a ring of wizardry (left hand) {Wiz+, !d}
   (You found it on level 2 of the Dungeon)
 m - a +2 ring of protection (right hand)
   (You took it off an orc on level 3 of the Dungeon)
Scrolls
 c - 2 scrolls of fog
 d - a scroll of teleportation
 f - 3 scrolls of identify
 g - a scroll of noise {unknown}
 j - 2 scrolls of amnesia
 l - a scroll of magic mapping {unknown}
 n - a scroll of recharging {unknown}
 p - a scroll of fear {unknown}


   Skills:
 + Level 4.6 Fighting
 * Level 4.8 Polearms
 + Level 2.1 Armour
 - Level 2.4 Dodging
 - Level 1.5 Stealth


You had 5 spell levels left.
You didn't know any spells.

Dungeon Overview and Level Annotations

Branches:
Dungeon (4/15)
 Temple: D:4-7

Altars:
Cheibriados
Elyvilon
Hepliaklqana
Qazlal

Annotations:
D:3 Grinder


Innate Abilities, Weirdness & Mutations

You do not eat or drink.
Your flesh is vulnerable to fire.
You are immune to poison.
Your flesh is cold resistant. (rC+)
You are immune to negative energy. (rN+++)
You are immune to unholy pain and torment.
You can survive without breathing.


Message History

No target in view!
e - 56 stones (gained 1)
e - 57 stones (gained 1)
You see here a kobold corpse.
You see here a bread ration {@e1@e1}.
You see here a bread ration {@e1@e1}.
You see here a meat ration {@e2@e2}.
An orc priest comes into view. It is wielding a mace.
An orc priest is nearby!
An orc priest is nearby!
An orc priest is nearby!
Aim: an orc priest, wielding a mace and wearing a leather armour (hasn't noticed you)
You throw a stone. The orc priest shouts!
The stone hits the orc priest.
An orc priest comes into view. It is wielding a dagger.
Aim: an orc priest, wielding a mace and wearing a leather armour (lightly wounded)
You throw a stone. The orc priest shouts!
The stone hits the orc priest but does no damage.
The orc priest begins to cast a cantrip, but forgets the words!
An orc comes into view. It is wielding a short sword.
A frilled lizard comes into view.
The orc shouts!
The frilled lizard hisses angrily.
An orc comes into view. It is wielding a flail.
Attack whom?
Aim: an orc priest, wielding a mace and wearing a leather armour (lightly wounded)
You reach to attack!
You hit the orc priest.
The orc priest looks braver for a moment.
Attack whom?
Aim: an orc priest, wielding a mace and wearing a leather armour (heavily wounded)
You reach to attack!
You hit the orc priest.
Attack whom?
Aim: an orc, wielding a short sword and wearing a leather armour You reach to attack!
Your fire dragon scales prevents you from hitting the orc.
Attack whom?
Aim: an orc, wielding a short sword and wearing a leather armour You reach to attack!
You hit the orc but do no damage.
The orc throws a stone.
The stone hits you but does no damage.
Attack whom?
Aim: an orc, wielding a short sword and wearing a leather armour You reach to attack!
You closely miss the orc.
The orc throws a stone.
The stone barely misses you.
Attack whom?
Aim: an orc, wielding a short sword and wearing a leather armour You reach to attack!
You hit the orc.
The orc throws a stone.
The stone hits you but does no damage.
Attack whom?
Aim: an orc, wielding a short sword and wearing a leather armour (almost dead)
You reach to attack!
You hit the orc but do no damage. The orc hits you with a short sword.
You take 1 damage, and have 48/49 hp.
You closely miss the orc. The orc hits you but does no damage.
You hit the orc.
You kill the orc!
You barely miss the orc priest.
The orc priest begins to cast a cantrip, but forgets the words!
Health restored: 49 You hit the orc priest but do no damage.
The orc drinks a potion.
The orc seems to grow stronger.
The orc priest mumbles some strange prayers to Beogh against you.
Beogh smites you!
You take 9 damage, and have 40/49 hp.
You barely miss the orc priest.
The orc priest mumbles some strange prayers to Beogh against you.
Beogh smites you!
You take 8 damage, and have 32/49 hp.
You hit the orc priest.
You kill the orc priest!
You see here a stone.
The orc priest invokes the aid of Beogh against you.
Beogh smites you!
You take 15 damage, and have 17/49 hp.
MASSIVE DAMAGE!!
You see here a meat ration {@e2@e2}.
Okay, then.
You see here a stone.
You see here a stone.
Items here: ( )) [[ a mace; a leather armour; a short sword; 11 stones; a leather armour You see here a stone.
The orc priest calls down the wrath of Beogh upon you.
Beogh smites you!
* * * LOW HITPOINT WARNING * * *
You see here a meat ration {@e2@e2}.
You take 13 damage, and have 7/49 hp.
MASSIVE DAMAGE!!
The frilled lizard unfolds its giant frill.
The orc no longer looks unusually strong.
Okay, then.
The orc priest invokes the aid of Beogh against you.
Beogh smites you!
* * * LOW HITPOINT WARNING * * *
You take 12 damage, and have 1/49 hp.
MASSIVE DAMAGE!!
There is a stone staircase leading up here.
The orc hits you with a flail.
You die...

#.#.###....%....#.#
#..## ##.....o..%(#
#.#.###l###########
#.##l#.## #.###.##
#### #.# #.# ...#
#.# #.# ...#
#######.###.#
.[.####.......lo@.#
#..l.o..#####.#####
.############.#
......o...l.l.#
###############


You could see an orc and a frilled lizard.

Vanquished Creatures
  An ogre (D:4)
  Crazy Yiuf (D:2)
  2 orc priests (D:3)
  A worker ant (D:3)
  Terence (D:2)
  An iguana (D:4)
  4 gnolls
  2 adders (D:3)
  2 oozes
  An adder zombie (D:4)
  A worm (D:2)
  3 dart slugs
  6 leopard geckos
  6 orcs (D:3)
  3 giant cockroaches
  6 hobgoblins
  8 kobolds
  A quokka (D:3)
  A ball python (D:4)
  3 bats
  6 frilled lizards
  5 goblins
  A jackal skeleton (D:4)
  10 rats
76 creatures vanquished.

Notes
Turn   | Place    | Note
-------+----------+-------------------------------------------
     0 | D:1      | Gorglomux the Mummy Monk began the quest for the Orb.
     0 | D:1      | Reached XP level 1. HP: 18/18 MP: 1/1
   278 | D:1      | Reached XP level 2. HP: 19/24 MP: 2/2
   668 | D:1      | Reached skill level 3 in Polearms
  1115 | D:2      | Reached XP level 3. HP: 29/29 MP: 3/3
  1253 | D:2      | Found a white marble altar of Elyvilon.
  1535 | D:2      | Found a stormy altar of Qazlal.
  1538 | D:2      | Noticed Terence
  1567 | D:2      | Killed Terence
  1600 | D:2      | Reached XP level 4. HP: 13/37 MP: 4/4
  1951 | D:2      | Found a runed door.
  2004 | D:2      | Found a hazy altar of Hepliaklqana.
  2007 | D:2      | Gorglomux: !whichgod mu
  2007 | D:2      | beem: 310 recent wins: 117x Gozag, 43x Ashenzari, 30x Okawaru, 18x Kikubaaqudgha, 17x Sif Muna, 16x Pakellas, 9x Xom, 9x Hepliaklqana, 7x Trog, 7x Lugonu, 6x Cheibriados, 6x Nemelex Xobeh, 6x Vehumet, 4x Yredelemnul, 3x Ru, 3x Makhleb, 3x Uskayaw, 2x Qazlal, 2x Dithmenos, 2x
  2053 | D:2      | Noticed Crazy Yiuf
  2058 | D:2      | sour: WHERE BE THE SCALES, MATEY?
  2067 | D:2      | sour: o wow
  2077 | D:2      | HP: 3/37 [Crazy Yiuf/quarterstaff of chaos (10)]
  2091 | D:2      | Killed Crazy Yiuf
  2092 | D:2      | Gorglomux: nailed it
  2449 | D:3      | Noticed Grinder
  2661 | D:3      | Reached skill level 4 in Fighting
  2781 | D:3      | Reached skill level 1 in Armour
  2781 | D:3      | Reached XP level 5. HP: 25/42 MP: 5/5
  2947 | D:4      | Reached skill level 4 in Polearms
  3235 | D:4      | Noticed an ogre
  3259 | D:4      | HP: 9/42 [ogre/giant club (11)]
  3264 | D:4      | Killed an ogre
  3539 | D:4      | Noticed a phantom
  3582 | D:3      | Reached XP level 6. HP: 22/49 MP: 6/6
  3790 | D:4      | Found a snail-covered altar of Cheibriados.
  3964 | D:4      | Angani: have you won a mummy yet?
  3964 | D:4      | Gorglomux: nope
  3976 | D:4      | Angani: I've done two, Gozag and Nem
  3981 | D:3      | Gorglomux: which one was best ? gozag?
  3981 | D:3      | Angani: Nem
  3981 | D:3      | Angani: for me
  3987 | D:3      | Gorglomux: oh
  3987 | D:3      | Angani: You have a loooot more room for cards
  3987 | D:3      | Angani: because no potions
  3987 | D:3      | Gorglomux: btw remember that earlier drfe?
  3987 | D:3      | Angani: yes
  3987 | D:3      | Gorglomux: !lg . drfe
  3987 | D:3      | beem: 14. Gorglomux the Pyromancer (L26 DrFE of Vehumet), slain by a death cob on Zot:5 (hall_of_Zot) on 2017-05-13 23:51:56, with 614893 points after 82955 turns and 4:07:38.
  3990 | D:3      | Angani: awww
  3995 | D:2      | Gorglomux: kinda solo death cob killed me
  4179 | D:3      | Angani: https://underhound.eu:81/crawl/morgue/Angani/morgue-Angani-20170220-215305.txt
  4180 | D:3      | Angani: look at the inventory on that character
  4180 | D:3      | Angani: cards~
  4180 | D:3      | Angani: or decks, I suppose
  4180 | D:3      | Gorglomux: quite some yeah
  4180 | D:3      | Gorglomux: nice gear though
  4180 | D:3      | Gorglomux: twas the discord mummy contest i remember now
  4180 | D:3      | Angani: Nem gives a solid power spike when you get him
  4212 | D:3      | Angani: yeah
  4315 | D:3      | Reached skill level 2 in Armour
  4536 | D:3      | Angani: Gozag was alright, but I ran into the issue of not having enough power
  4592 | D:3      | Angani: though the bribes were super helpful in V5 and zot
  4613 | D:3      | HP: 7/49 [orc priest/divine providence (13)]
  4653 | D:3      | HP: 1/49 [orc priest/divine providence (13)]
  4664 | D:3      | Slain by an orc

Vault maps used:
D:1:      roderic_crossed_star, roderic_lattice_a
D:2:      lemuel_coloured_pillars_altar, old_standard_altar, elyvilon_altar_1,
          uniq_terence, uniq_crazy_yiuf_cottage
D:3:      first_bread, grunt_ministairs_6, uniq_grinder
D:4:      kennysheep_slug_shrine

Skill      XL: |  1  2  3  4  5  6 |
---------------+-------------------+-----
Polearms       | 3 4 |  4.8
Fighting       | 4 |  4.6
Armour         | 1 2 |  2.1
Dodging        | |  2.4
Stealth        | |  1.5

Action                   |  1- 3 |  4- 6 || total
-------------------------+-------+-------++-------
Melee: Spear             |   127 |   294 ||   421
Throw: Stone             |    43 |    68 ||   111
  Use: Scroll            |       |     5 ||     5
 Stab: Sleeping          |     2 |       ||     2
Armor: Robe              |     5 |       ||     5
       Fire dragon scale |    15 |    85 ||   100
Dodge: Dodged            |    38 |    89 ||   127

Vault maps used:
D:1:      roderic_crossed_star, roderic_lattice_a
D:2:      lemuel_coloured_pillars_altar, old_standard_altar, elyvilon_altar_1,
          uniq_terence, uniq_crazy_yiuf_cottage
D:3:      first_bread, grunt_ministairs_6, uniq_grinder
D:4:      kennysheep_slug_shrine

Table legend:
 A = Turns spent in this place as a percentage of turns spent in the entire game.
 B = Non-inter-level travel turns spent in this place as a percentage of non-inter-level travel turns spent in the entire game.
 C = Inter-level travel turns spent in this place as a percentage of turns spent in this place.
 D = Turns resting spent in this place as a percentage of non-inter-level travel turns spent in this place.
 E = Turns spent auto-exploring this place as a percentage of non-inter-level travel turns spent in this place.
 F = Non-inter-level travel turns spent in this place divided by the number of levels of this place that you've seen.
                   A       B       C       D       E      F
               +-------+-------+-------+-------+-------+----------------------
         Total | 100.0 | 100.0 |   0.3 |   1.3 |   7.1 | 377.5
       Dungeon | 100.0 | 100.0 |   0.3 |   1.3 |   7.1 | 377.5
               +-------+-------+-------+-------+-------+----------------------

Table legend:
 A = Kills in this place as a percentage of kills in entire the game.
 B = Kills by you in this place as a percentage of kills by you in the entire game.
 C = Kills by friends in this place as a percentage of kills by friends in the entire game.
 D = Other kills in this place as a percentage of other kills in the entire game.
 E = Experience gained in this place as a percentage of experience gained in the entire game.
 F = Experience gained in this place divided by the number of levels of this place that you have seen.
                   A       B       C       D       E      F
               +-------+-------+-------+-------+-------+----------------------
         Total | 100.0 | 100.0 |  -nan |  -nan | 100.0 | 143.0
       Dungeon | 100.0 | 100.0 |  -nan |  -nan | 100.0 | 143.0
               +-------+-------+-------+-------+-------+----------------------
